 Dungeon Crawl Stone Soup version 0.32-a0-306-gfed3edf829 (webtiles) character file.

Game seed: 16642779280999365473

218 Newt the Poker (level 5, -2/42 HPs)
             Began as a Merfolk Gladiator on Feb 14, 2024.
             Slain by a cerulean imp
             ... wielding a +2 spear
             ... summoned by Natasha
              (3 damage)
             ... on level 3 of the Dungeon.
             The game lasted 00:03:03 (2405 turns).

Newt the Poker (Merfolk Gladiator)                  Turns: 2405, Time: 00:03:03

Health: -2/42      AC:  7    Str: 16    XL:     5   Next: 95%
Magic:  5/5        EV:  9    Int:  7    God:
Gold:   136        SH:  8    Dex: 16    Spells: 4/4 levels left

rFire   . . .        a - +0 trident
rCold   . . .        i - +0 kite shield
rNeg    . . .        l - +0 scale mail {rPois}
rPois   +            c - +0 helmet
rElec   .            (no cloak)
rCorr   .            (no gloves)
SInv    .            (no boots)
Will    .....        (no amulet) Stlth
                     (no ring)
HPRegen 0.27/turn    (no ring)
MPRegen 0.09/turn

%: no passive effects
@: slowed, very slow
A: (nimble swimmer 2), mertail
a: no special abilities


You were on level 3 of the Dungeon.
You visited 1 branch of the dungeon, and saw 3 of its levels.

You collected 136 gold pieces.

Inventory:

Hand Weapons
 a - a +0 trident (weapon)
Missiles
 d - a throwing net (quivered)
Armour
 b - a +0 leather armour
 c - a +0 helmet (worn)
 i - a +0 kite shield (worn)
 l - a +0 scale mail of poison resistance (worn)
Scrolls
 e - a scroll of identify {unknown}
 n - a scroll of teleportation
 o - a scroll of vulnerability {unknown}
 p - a scroll of immolation {unknown}
Potions
 f - 2 potions of curing
 g - a potion of might {unknown}
 h - a potion of lignification {unknown}
 k - 2 potions of berserk rage {unknown}
 m - a potion of heal wounds {unknown}


   Skills:
 + Level 4.1 Fighting
 - Level 7.0 Polearms
 - Level 2.0 Throwing
 - Level 4.0 Dodging
 * Level 1.0 Shields


You had 4 spell levels left.
You didn't know any spells.
Your spell library contained the following spells:

 Spells                   Type           Power      Damage    Failure   Level
 Blink                    Tloc           0%         N/A       100%        2
 Lesser Beckoning         Tloc           0%         N/A       100%        2
 Momentum Strike          Conj/Tloc      0%         3d8       100%        2
 Summon Blazeheart Golem  Fire/Summ      0%         N/A       100%        4
 Orb of Destruction       Conj           0%         9d5       100%        7
 Spellforged Servitor     Conj/Summ      0%         N/A       100%        7


Dungeon Overview and Level Annotations

Branches:
Dungeon (3/15)

Altars:

Annotations:
D:3 Natasha


Innate Abilities, Weirdness & Mutations

((You are very nimble when in or above water. (Stealth+, EV+, Speed+++)))
Your lower body shifts to a powerful aquatic tail in water.


Message History

Throw: 3 throwing nets
Press: ? - help, Q - select action Shift-Dir - straight line, f - Natasha, p - gnoll
Aim: Natasha (heavily wounded, 53% to hit)
You throw a throwing net.
The throwing net closely misses the cerulean imp.
The throwing net barely misses Natasha.
The cerulean imp disappears in a puff of smoke!
Natasha casts a spell at you.
You feel yourself slow down. The gnoll barely misses you.
The cerulean imp hits you but does no damage.
Unknown command.
Throw: 2 throwing nets
Press: ? - help, Q - select action Shift-Dir - straight line, f/p - Natasha
Aim: Natasha (black smoke, heavily wounded, 53% to hit)
You throw a throwing net. The throwing net hits Natasha.
Natasha is caught in the net!
Natasha is heavily wounded.
The gnoll barely misses you. You block the cerulean imp's attack.
Natasha struggles against the net.
The gnoll hits you with a +0 flail.
* * * LOW HITPOINT WARNING * * *
Unknown command.
You hit Natasha but do no damage.
Natasha is heavily wounded.
The cerulean imp hits you but does no damage.
Natasha struggles against the net.
You block the gnoll's attack.
Natasha struggles against the net.
The cerulean imp hits you from afar with a +2 spear.
* * * LOW HITPOINT WARNING * * *
You block the gnoll's attack.
Natasha struggles against the net.
You puncture Natasha!
Natasha is almost dead.
You block the cerulean imp's attack.
Natasha stares at you and mumbles some strange words.
You feel as though you will be slow longer.
Natasha struggles against the net.
The net rips apart, and Natasha comes free!
The gnoll hits you with a +0 flail.
* * * LOW HITPOINT WARNING * * *
The cerulean imp hits you from afar with a +2 spear.
You die...

#.# #.######## #........#
#........# . #........#
...########## #..[.....#
......).....# ####........#
#.......$..####.......#####
............gg@h...>.(.#
.#..........####5......#
#..........# #.......#
#..........# #.......#
+..........# ####.####
############ #.# #.# .#


You could see Natasha, 2 gnolls and a cerulean imp (summoned).

Vanquished Creatures
  Natasha (D:3)
  5 gnolls
  4 adders
  A ribbon worm (D:1)
  3 dart slugs (D:1)
  7 endoplasms
  4 giant cockroaches
  2 goblins (D:2)
  3 hobgoblins
  4 jackals (D:2)
  7 kobolds
  A quokka (D:1)
  5 ball pythons
  4 bats
  5 frilled lizards
  4 rats
60 creatures vanquished.

Notes
Turn   | Place    | Note
-------+----------+-------------------------------------------
     0 | D:1      | Newt the Merfolk Gladiator began the quest for the Orb.
     0 | D:1      | Reached XP level 1. HP: 16/16 MP: 1/1
    91 | D:1      | Reached XP level 2. HP: 23/23 MP: 2/2
   287 | D:1      | Reached skill level 5 in Polearms
   294 | D:1      | Reached XP level 3. HP: 28/28 MP: 3/3
  1050 | D:2      | Reached XP level 4. HP: 35/35 MP: 4/4
  1083 | D:1      | Reached skill level 6 in Polearms
  1602 | D:2      | Reached XP level 5. HP: 29/41 MP: 5/5
  2172 | D:3      | Noticed Natasha
  2179 | D:3      | Killed Natasha
  2180 | D:3      | Reached skill level 7 in Polearms
  2385 | D:3      | Noticed Natasha
  2399 | D:3      | Reached skill level 1 in Shields
  2405 | D:3      | HP: 1/42 [gnoll/+0 flail (4)]
  2405 | D:3      | Slain by a cerulean imp

Illustrated notes

Levels and vault maps discovered:
D:1:      lightli_arrival_quake, layout_loops_corners, minivault_5
D:2:      layout_loops_ring
D:3:      layout_basic, uniq_natasha

Skill      XL: |  1  2  3  4  5 |
---------------+----------------+-----
Polearms       | 5 6 7 |  7.0
Fighting       | 3 4 |  4.1
Shields        | 1 |  1.0
Throwing       | |  2.0
Dodging        | |  4.0

Action                     |  1- 3 |  4- 6 || total
---------------------------+-------+-------++-------
  Melee: Trident           |    88 |   113 ||   201
  Throw: Dart              |       |     4 ||     4
         Javelin           |       |     1 ||     1
         Throwing net      |       |     2 ||     2
    Use: Scroll            |     3 |     1 ||     4
         Potion            |       |     1 ||     1
   Stab: Sleeping          |     1 |       ||     1
 Armour: Leather armour    |    33 |       ||    33
         Scale mail        |       |    93 ||    93
  Dodge: Dodged            |    44 |    57 ||   101
  Block: Kite shield       |       |    46 ||    46

Table legend: (Time is in decaauts)
 A = Elapsed time spent in this place.
 B = Non-inter-level travel time spent in this place.
 C = Inter-level travel time spent in this place.
 D = Time resting spent in this place.
 E = Time spent auto-exploring this place.
 F = Levels seen in this place.
 G = Mean time per level.
                   A        B        C        D        E       F      G
               +--------+--------+--------+--------+--------+-----+--------+
         Total |   2423 |   2352 |     71 |    258 |   1666 |   3 |  807.7 |
       Dungeon |   2423 |   2352 |     71 |    258 |   1666 |   3 |  807.7 |
               +--------+--------+--------+--------+--------+-----+--------+

Top non-repeatable levels by time:
     D:1: 1308 daAuts
     D:2: 774 daAuts
     D:3: 340 daAuts
